 Dungeon Crawl Stone Soup version 0.21-a0-426-g98080a9 (webtiles) character file.

261 KristoblXynda the Shield-Bearer (level 5, -3/45 HPs)
             Began as a Draconian Fighter on Nov 7, 2017.
             Slain by an ogre
             ... wielding a +0 giant club
              (16 damage)
             ... on level 3 of the Dungeon.
             The game lasted 00:04:45 (2730 turns).

KristoblXynda the Shield-Bearer (Draconian Fighter) Turns: 2730, Time: 00:04:47

Health: -3/45      AC:  6    Str: 18    XL:     5   Next: 96%
Magic:  14/14      EV: 11    Int: 10    God:
Gold:   52         SH:  9    Dex: 10    Spells: 4/4 levels left

rFire    . . .     SeeInvis .   a - +0 long sword
rCold    . . .     Gourm    .   b - +0 shield
rNeg     . . .     Faith    .   (armour unavailable)
rPois    .         Spirit   .   (helmet restricted)
rElec    .         Reflect  .   e - +0 cloak
rCorr    .         Harm     .   (no gloves)
MR       .....                  (no boots)
Stlth    +.........             (no amulet)
HPRegen  0.15/turn              m - ring of magical power
MPRegen  0.14/turn              (no ring)

@: lethally poisoned (-3 -> -4)
A: unfitting armour, cold-blooded, AC +5
a: no special abilities


You were on level 3 of the Dungeon.
You were hungry.

You visited 1 branch of the dungeon, and saw 3 of its levels.

You collected 52 gold pieces.

Inventory:

Hand Weapons
 a - a +0 long sword (weapon)
Missiles
 o - 2 javelins (quivered)
Armour
 b - a +0 shield (worn)
 e - a +0 cloak (worn)
Jewellery
 m - a ring of magical power (left hand)
Scrolls
 k - a scroll of teleportation
 p - a scroll of immolation
Potions
 f - a potion of resistance
 g - a potion of mutation {unknown}
 i - a potion of heal wounds {unknown}
 j - 3 potions of brilliance
Books
 r - a book of Necromancy

   Spells                             Type                      Level
   a - Pain                           Necromancy                   1
   b - Animate Skeleton               Necromancy                   1
   c - Vampiric Draining              Necromancy                   3
   d - Regeneration                   Charms/Necromancy            3
   e - Animate Dead                   Necromancy                   4
   f - Control Undead                 Necromancy                   4
Comestibles
 d - 3 bread rations
 l - 20 fruits
 q - a meat ration


   Skills:
 - Level 3.2 Fighting
 + Level 3.9 Long Blades
 + Level 4.1 Dodging
 + Level 4.5 Shields


You had 4 spell levels left.
You didn't know any spells.

Dungeon Overview and Level Annotations

Branches:
Dungeon (3/15)

Altars:
Ashenzari


Innate Abilities, Weirdness & Mutations

Your plain brown scales are hard. (AC +5)
You cannot fit into any form of body armour.
You are cold-blooded and may be slowed by cold attacks.


Message History

You feel sick.
You feel sick.
The ogre is too close now for your liking.
An ogre is nearby!
An ogre is nearby!
An ogre is nearby!
Throwing (i - inventory):
o - 3 javelins (quivered)
Press: ? - help, Shift-Dir - straight line, f - ogre
Aim: an ogre, wielding a giant club You throw a javelin.
The javelin hits the ogre.
The ogre is lightly wounded.
The ogre hits you with a giant club!
You slash the ogre!
You tail-slap the ogre, but do no damage.
The ogre is heavily wounded.
You feel sick. The ogre barely misses you.
You slash the ogre! You tail-slap the ogre.
The ogre is almost dead.
The ogre hits you with a giant club!
You die...

####.##.###.#....#........#
#........#####.#÷##.#...
#######....#####
###.##.#### #..........####
#.##†# #.#####....##.#####
#.##.# #.# #...........##
#.##.# #.# #...#.........
..##.# #.# #.).##...##.#
####)# #.#
#...###@###.#######.### #.#
#...# #O#.............# #.#
#......(#......(.)....# #.#
###..##......#.###†#..#
#.## #..##.#............##
#..# #..##.#....#.###.#.#
##.# #..##.###..#.#(#.#.#
#.# #.##.# #..#.###.#.# #.#
#.##.# #..........#


You could see an ogre.

Vanquished Creatures
  The ghost of mastercheaf21 the Sneak, an amateur OpTm of Dithmenos (D:3)
  4 adders (D:2)
  5 worms
  A dart slug (D:2)
  4 leopard geckos
  3 ball pythons (D:3)
  4 bats
  7 giant cockroaches
  9 goblins
  6 hobgoblins
  2 jackals (D:2)
  12 kobolds
  3 quokkas
  5 frilled lizards
  27 rats
93 creatures vanquished.

Notes
Turn   | Place    | Note
-------+----------+-------------------------------------------
     0 | D:1      | KristoblXynda the Draconian Fighter began the quest for the Orb.
     0 | D:1      | Reached XP level 1. HP: 19/19 MP: 1/1
   143 | D:1      | Reached XP level 2. HP: 25/26 MP: 2/2
  1166 | D:2      | Reached XP level 3. HP: 29/31 MP: 3/3
  1749 | D:2      | Reached XP level 4. HP: 38/38 MP: 4/4
  1781 | D:2      | Found a shattered altar of Ashenzari.
  2324 | D:3      | Reached XP level 5. HP: 36/45 MP: 5/5
  2436 | D:3      | Noticed an ogre
  2437 | D:3      | Noticed mastercheaf21's ghost (amateur OpTm)
  2630 | D:3      | Killed mastercheaf21's ghost
  2730 | D:3      | Slain by an ogre

Vault maps used:
D:1:      dpeg_arrival_erosion, minmay_heptomino_h4
D:2:      ashenzari_conservatory_becter, dk_vineyard_1, minmay_rat_hole
D:3:      nicolae_overflow_hidden_temple,
          nicolae_dithmenos_through_a_glass_darkly, minmay_surrounded

Skill      XL: |  1  2  3  4  5 |
---------------+----------------+-----
Dodging        | 3 4 |  4.1
Long Blades    | 3 |  3.9
Shields        | 4 |  4.5
Fighting       | |  3.2

Action                   |  1- 3 |  4- 6 || total
-------------------------+-------+-------++-------
Melee: Long sword        |   150 |   139 ||   289
       Tailslap          |    19 |     7 ||    26
Throw: Javelin           |       |     1 ||     1
  Use: Scroll            |       |     8 ||     8
       Potion            |       |     1 ||     1
 Stab: Sleeping          |     1 |     3 ||     4
  Eat: Chunk             |     3 |     3 ||     6
Armor: Skin              |    70 |    40 ||   110
Dodge: Dodged            |    88 |    61 ||   149
Block: Shield            |    88 |    74 ||   162
       Rpst.: Long sword |    26 |    15 ||    41

Table legend:
 A = Spawn XP
 B = Non-spawn XP
 C = Spawn XP percentage of total XP
 D = Spawn monster count
 E = Non-spawn monster count
 F = Spawn count percentage of total count
 G = Total turns spent on level
                    A         B        C        D         E        F      G
               +---------+---------+-------+---------+---------+-------+---------
         Total |       0 |     374 |   0.0 |       0 |      93 |   0.0 |  2730
               +---------+---------+-------+---------+---------+-------+---------
           D:1 |       0 |      33 |   0.0 |       0 |      20 |   0.0 |  1148
           D:2 |       0 |     138 |   0.0 |       0 |      51 |   0.0 |  1020
           D:3 |       0 |     203 |   0.0 |       0 |      22 |   0.0 |   562
               +---------+---------+-------+---------+---------+-------+---------
